 Dungeon Crawl Stone Soup version 0.19.1 (webtiles) character file.

56 KingCrawl the Conjurer (level 3, 0/24 HPs)
             Began as a Demonspawn Conjurer on Dec 27, 2016.
             Slain by a leopard gecko (2 damage)
             ... on level 3 of the Dungeon.
             The game lasted 00:08:07 (1543 turns).

KingCrawl the Conjurer (Demonspawn Conjurer)        Turns: 1543, Time: 00:08:08

Health: 0/24       AC:  3    Str:  5 (8)  XL:     3   Next: 71%
Magic:  0/7        EV: 11    Int: 15 (17) God:
Gold:   156        SH:  0    Dex: 12 (13) Spells: 1 memorised, 7 levels left

rFire  . . .     SeeInvis .     f - +0 short sword
rCold  . . .     Gourm    .     g - +0 leather armour (curse)
rNeg   . . .     Faith    .     (no shield)
rPois  .         Spirit   +     (no helmet)
rElec  .         Reflect  .     (no cloak)
rCorr  .         Harm     .     (no gloves)
MR     .....     Rnd*Tele +     (no boots)
Stlth  +.........               e - amulet of inaccuracy (curse)
                                (no ring)
                                (no ring)

@: very slightly contaminated
A: teleportitis 1, magic shield, rot immunity, subdued magic 1
a: no special abilities


You were on level 3 of the Dungeon.
You were hungry.

You visited 1 branch of the dungeon, and saw 3 of its levels.

You collected 156 gold pieces.

Inventory:

Hand Weapons
 f - a +0 short sword (weapon)
Armour
 a - a +0 robe
 g - a cursed +0 leather armour (worn)
Jewellery
 e - a cursed amulet of inaccuracy (around neck)
Scrolls
 d - a scroll of amnesia
 h - a scroll of recharging
 m - a scroll of identify
Potions
 j - 2 potions of degeneration
 k - a potion of lignification
Books
 b - a book of Conjurations

   Spells                             Type                      Level
   a - Magic Dart                     Conjuration                  1
   b - Searing Ray                    Conjuration                  2
   c - Dazzling Spray                 Conjuration/Hexes            3
   d - Fulminant Prism                Conjuration/Hexes            4
   e - Iskenderun's Mystic Blast      Conjuration                  4
   f - Iskenderun's Battlesphere      Conjuration/Charms           5
Comestibles
 c - 2 bread rations
 i - a slice of pizza
 l - 4 fruits
 p - a meat ration


   Skills:
 - Level 1.7 Dodging
 - Level 1.7 Stealth
 - Level 3.0 Spellcasting
 + Level 4.8 Conjurations


You had 7 spell levels left.
You knew the following spells:

 Your Spells              Type           Power        Failure   Level  Hunger
a - Magic Dart            Conj           ##..         4%          1    #......


Dungeon Overview and Level Annotations

Branches:
Dungeon (3/15)

Altars:


Innate Abilities, Weirdness & Mutations

When hurt, damage is shared between your health and your magic reserves.
You are immune to rotting.
You are occasionally teleported next to monsters.
Your spells are a little easier to cast, but a little less powerful.


Message History

It is a scroll of identify.
h - a scroll of recharging The adder bites you but does no damage.
The leopard gecko bites you but does no damage.
The adder bites you but does no damage. The adder barely misses you.
The leopard gecko barely misses you. The adder barely misses you.
The leopard gecko barely misses you. The adder misses you.
The leopard gecko bites you.
* * * LOW HITPOINT WARNING * * *
The adder closely misses you.
The leopard gecko splashes around in the water.
A leopard gecko comes into view.
The adder bites you.
* * * LOW HITPOINT WARNING * * *
The leopard gecko bites you but does no damage.
The adder barely misses you. The leopard gecko misses you.
You hit the leopard gecko.
The leopard gecko is lightly wounded.
The adder bites you but does no damage. The leopard gecko bites you.
You die...

#......#.######.>##
#.####.#.#....#....
#.#...........##.#.
#.#.##.#.#.#..##.#.
#.#.##.#.#.......#.
#.#.##.#.#########.
#.#.##.#..#........
######.##.#.#......
##@######≈####.####
#≈lS≈≈≈#≈≈≈###...#.
#≈≈≈#≈≈#≈o≈##....#.
##o## ≈##w##.......
#o# ≈#≈#.#...###
#≈# #†#.......#
##≈## ##≈#######.#
#≈≈≈####≈o≈# ##.#
#≈≈≈≈o≈≈≈≈≈# ....


You could see an adder, 2 orcs and a leopard gecko.

Vanquished Creatures
  2 adders (D:2)
  2 worms
  2 leopard geckos (D:2)
  An orc (D:3)
  2 bats
  4 giant cockroaches
  3 goblins
  2 hobgoblins (D:1)
  A ball python (D:1)
  2 frilled lizards
  2 kobolds
  9 rats
32 creatures vanquished.

Notes
Turn   | Place    | Note
-------+----------+-------------------------------------------
     0 | D:1      | KingCrawl the Demonspawn Conjurer began the quest for the Orb.
     0 | D:1      | Reached XP level 1. HP: 13/13 MP: 3/3
   285 | D:1      | Gained mutation: You are immune to rotting. [demonic ancestry]
   285 | D:1      | Reached XP level 2. HP: 16/19 MP: 1/5
   810 | D:2      | Gained mutation: When hurt, damage is shared between your health and your magic reserves. [demonic ancestry]
   810 | D:2      | Reached XP level 3. HP: 24/24 MP: 1/7
  1537 | D:3      | Gained mutation: You are occasionally teleported next to monsters. [potion of mutation]
  1537 | D:3      | Gained mutation: Your spells are a little easier to cast, but a little less powerful. [potion of mutation]
  1543 | D:3      | Slain by a leopard gecko

Skill      XL: |  1  2 |
---------------+-------+-----
Spellcasting   | 3 |  3.0
Dodging        | |  1.7
Stealth        | |  1.7
Conjurations   | |  4.8

Action                   || total
-------------------------++-------
Melee: Unarmed           ||     8
       Short sword       ||    58
 Cast: Magic Dart        ||    68
  Use: Potion            ||     4
       Scroll            ||     2
  Eat: Chunk             ||     2
Armor: Leather armour    ||    21
       Robe              ||     2
       Skin              ||    10
Dodge: Dodged            ||    45
